 Dungeon Crawl Stone Soup version 0.31-a0-236-g9a0961fb85 (webtiles) character file.

Game seed: 17668541019586047711

270 qw the Shooter (level 6, 0/37 HPs)
             Began as a Gargoyle Hexslinger on July 10, 2023.
             Slain by an ogre
             ... wielding a +0 giant club
              (15 damage)
             ... on level 4 of the Dungeon.
             The game lasted 00:01:18 (3155 turns).

qw the Shooter (Gargoyle Hexslinger)                Turns: 3155, Time: 00:01:19

Health: 0/37       AC: 11    Str: 12    XL:     6   Next: 22%
Magic:  7/7        EV: 10    Int: 13    God:
Gold:   74         SH:  0    Dex: 14    Spells: 6/7 levels left

rFire   . . .        Y - +3 sling
rCold   . . .        (no shield)
rNeg    + . .        g - +0 ring mail
rPois   inf          (no helmet)
rElec   +            c - +0 cloak
rCorr   .            (no gloves)
SInv    .            h - +0 pair of boots
Will    .....        (no amulet)
Stlth   +            (no ring)
HPRegen 0.26/turn    (no ring)
MPRegen 0.10/turn

%: no passive effects
@: no status effects
A: sickness immunity, AC +4, negative energy resistance 1, electricity
resistance, torment resistance 1, petrification resistance
a: no special abilities


You were on level 4 of the Dungeon.
You visited 1 branch of the dungeon, and saw 4 of its levels.

You collected 170 gold pieces.
You spent 96 gold pieces at shops.


Innate Abilities, Weirdness & Mutations

You are immune to sickness and miasma.
Your stone body is resilient. (AC +4)
You are immune to poison.
You resist negative energy. (rN+)
You are resistant to electric shocks. (rElec)
You are resistant to unholy torment.
You are immune to petrification.


   Skills:
 - Level 3.0 Fighting
 + Level 5.6 Ranged Weapons
 - Level 1.0 Armour
 - Level 1.5 Dodging
 - Level 1.0 Spellcasting
 - Level 2.6 Hexes


You had 6 spell levels left.
You knew the following spells:

 Your Spells              Type           Power      Damage    Failure   Level
a - Slow                  Hex            28%        N/A       22%         1

Your spell library contained the following spells:

 Spells                   Type           Power      Damage    Failure   Level
 Inner Flame              Hex/Fire       4%         N/A       73%         3
 Portal Projectile        Hex/Tloc       8%         N/A       73%         3
 Cause Fear               Hex            3%         N/A       91%         4

Inventory:

Hand Weapons
 Y - a +3 sling (weapon)
Armour
 c - a +0 cloak (worn)
 g - a +0 ring mail (worn)
 h - a +0 pair of boots (worn)
 j - a +2 robe of resistance
Wands
 k - a wand of digging (3)
Scrolls
 b - 2 scrolls of teleportation
 i - 4 scrolls of identify {unknown}
Potions
 a - 2 potions of curing {unknown}
 d - a potion of might {unknown}
 e - a potion of brilliance {unknown}
 f - a potion of mutation {unknown}

Dungeon Overview and Level Annotations

Branches:
Dungeon (4/15)
 Temple: D:4-7

Altars:

Shops:
D:4 ([


Message History

You kill the ball python!
a - 2 murky yellow potions (gained 1)
An ogre comes into view. It is wielding a +0 giant club.
The ogre shouts!
Enter note:
Enter note:
Enter note:
Enter note:
Enter note:
Enter note:
Enter note:
Enter note:
Enter note:
Enter note:
Enter note:
Enter note:
Enter note:
Enter note:
Enter note: You shoot a sling bullet.
The sling bullet hits the ogre.
The ogre is lightly wounded.
You shoot a sling bullet.
The sling bullet hits the ogre but does no damage.
The ogre is lightly wounded.
You shoot a sling bullet.
The sling bullet barely misses the ogre.
The ogre barely misses you.
You shoot a sling bullet. The sling bullet hits the ogre.
The ogre is lightly wounded.
The ogre hits you with a +0 giant club!!
Ouch! That really hurt!
You shoot a sling bullet. The sling bullet hits the ogre.
The ogre is moderately wounded.
You shoot a sling bullet.
The sling bullet barely misses the ogre.
The ogre closely misses you.
You shoot a sling bullet. The sling bullet hits the ogre.
The ogre is heavily wounded.
The ogre hits you with a +0 giant club!
You die...

##........ .....
#...#.....
..#.#.#.........
....#.....#.....
####........#...##..
#..#...# #.##...###.
#......###........#.
#...O........###....
#@......... #....
#..........####...
#...........#.....
##................
#.................
##................
#................. ##
#..........##.....
...#........###......


You could see an ogre.

Vanquished Creatures
  A jelly (D:4)
  A sleepcap (D:4)
  Terence (D:3)
  2 iguanas (D:4)
  2 adders
  A white imp (D:3)
  4 worms
  2 dart slugs
  2 orcs
  11 endoplasms
  2 giant cockroaches
  9 goblins
  12 hobgoblins
  6 quokkas
  11 ball pythons
  5 bats
  3 frilled lizards
  10 kobolds
  5 rats
90 creatures vanquished.

Vanquished Creatures (collateral kills)
  A hobgoblin (D:2)
1 creature vanquished.

Grand Total: 91 creatures vanquished

Notes
Turn   | Place    | Note
-------+----------+-------------------------------------------
     0 | D:1      | qw the Gargoyle Hexslinger began the quest for the Orb.
     0 | D:1      | Reached XP level 1. HP: 12/12 MP: 2/2
     0 | D:1      | 0 ||| qw: Version: 0.3-a-52-g30416fa
     0 | D:1      | 0 ||| qw: Game counter: 4698
     0 | D:1      | 0 ||| qw: Melee chars always use a shield: true
     0 | D:1      | 0 ||| qw: God list: Okawaru
     0 | D:1      | 0 ||| qw: Allow faded altars: false
     0 | D:1      | 0 ||| qw: Do Orc after clearing Dungeon:15 true
     0 | D:1      | 0 ||| qw: Do second Lair branch before Depths: true
     0 | D:1      | 0 ||| qw: Lair rune preference: random
     0 | D:1      | 0 ||| qw: Goals: Normal
     0 | D:1      | 0 ||| PLANNING D:1-11
    41 | D:1      | 41 ||| FLEEEEING.
    42 | D:1      | 42 ||| FLEEEEING.
    43 | D:1      | 43 ||| FLEEEEING.
    69 | D:1      | Reached XP level 2. HP: 16/16 MP: 3/3
   157 | D:1      | Reached skill level 3 in Ranged Weapons
   208 | D:1      | You fall into a shaft and drop 1 floor!
   358 | D:2      | Reached XP level 3. HP: 18/21 MP: 4/4
   475 | D:2      | 475 ||| READING scroll labelled XIOREI POTHROY.
   476 | D:2      | 476 ||| READING scroll labelled JUL BIAHANIYM.
   477 | D:2      | 477 ||| DROPPING scroll of poison.
   478 | D:2      | 478 ||| FLEEEEING.
   481 | D:2      | 481 ||| FLEEEEING.
   483 | D:2      | 483 ||| STAIRDANCE
   910 | D:1      | 910 ||| UPGRADING to +0 leather armour.
   920 | D:1      | 920 ||| DROPPING +0 robe.
   921 | D:1      | 921 ||| UPGRADING to +0 ring mail.
   931 | D:1      | 931 ||| DROPPING +0 leather armour.
   932 | D:1      | 932 ||| READING scroll labelled HICLUCZ JURYA.
   933 | D:1      | 933 ||| READING 2 scrolls labelled ZIAPSO RUDOAH.
   934 | D:1      | 934 ||| DROPPING scroll of vulnerability.
  1015 | D:2      | Found a faded altar of an unknown god.
  1649 | D:2      | 1649 ||| READING scroll labelled XANKINUARGH.
  1705 | D:3      | Noticed Terence
  1717 | D:3      | Killed Terence
  1718 | D:3      | Reached skill level 4 in Ranged Weapons
  1718 | D:3      | Reached XP level 4. HP: 14/26 MP: 5/5
  2188 | D:3      | Reached skill level 1 in Armour
  2245 | D:3      | 2245 ||| READING scroll of enchant weapon.
  2245 | D:3      | 2245 ||| ENCHANTING +2 sling.
  2346 | D:3      | Reached XP level 5. HP: 30/30 MP: 6/6
  2353 | D:3      | 2353 ||| Stepping ~*~*~tactically~*~*~ (outnumbered).
  2593 | D:3      | 2593 ||| UPGRADING to +0 cloak.
  2598 | D:3      | 2598 ||| UPGRADING to +0 pair of boots.
  2603 | D:3      | 2603 ||| READING 2 scrolls labelled NAGILIUSEN.
  2702 | D:4      | Found Xezxumi's Antique Armour Shoppe.
  2713 | D:4      | Reached skill level 5 in Ranged Weapons
  2728 | D:4      | 2728 ||| BUYING embroidered robe (96 gold).
  2728 | D:4      | Bought an embroidered robe for 96 gold pieces
  2732 | D:4      | Found Guighuet's Antique Weapon Shoppe.
  2737 | D:4      | Identified the +0 chain mail "Ruag Fomm" {Will+}
  2802 | D:4      | Reached skill level 3 in Fighting
  2844 | D:4      | 2844 ||| SHOPLISTING arbalest (112 gold, have 43).
  2844 | D:4      | 2844 ||| SHOPLISTING iridescent shortbow (200 gold, have
                  | 43).
  2844 | D:4      | 2844 ||| SHOPLISTING orcbow (87 gold, have 43).
  2948 | D:4      | Reached XP level 6. HP: 36/37 MP: 7/7
  3155 | D:4      | Slain by an ogre

Levels and vault maps discovered:
D:1:      mrwooster_arrival_arrow, layout_loops_ring, kennysheep_flooded_box
D:2:      layout_basic, ebering_ecumenical_altar_mist
D:3:      minmay_chambers_of_twos, layout_loops_corners, st_stairs_10,
          minmay_goblin_outpost, uniq_terence
D:4:      layout_cave_pools, serial_shops, nicolae_shop_hallway_stairs,
          nicolae_shop_scrapyard, kennysheep_doodads, minmay_misc_feat_room

Skill      XL: |  1  2  3  4  5 |
---------------+----------------+-----
Ranged Weapons | 3 4 5 |  5.6
Fighting       | 2 3 |  3.0
Armour         | 1 |  1.0
Dodging        | |  1.5
Spellcasting   | |  1.0
Hexes          | |  2.6

Action                     |  1- 3 |  4- 6 || total
---------------------------+-------+-------++-------
   Fire: Sling             |   136 |   173 ||   309
    Use: Scroll            |     5 |     2 ||     7
 Armour: Robe              |    15 |       ||    15
         Ring mail         |     8 |    18 ||    26
  Dodge: Dodged            |    33 |    27 ||    60

Table legend:
 A = Non-vault XP
 B = Vault XP
 C = Vault XP percentage of total XP
 D = Non-vault monster count
 E = Vault monster count
 F = Vault count percentage of total count
                 A         B        C        D         E       F
            +---------+---------+-------+---------+---------+-------
      Total |     314 |      73 |  18.9 |      71 |      20 |  22.0
            +---------+---------+-------+---------+---------+-------
        D:1 |      26 |       0 |   0.0 |      16 |       0 |   0.0
        D:2 |      53 |       0 |   0.0 |      22 |       0 |   0.0
        D:3 |      36 |      73 |  67.0 |      14 |      20 |  58.8
        D:4 |     199 |       0 |   0.0 |      19 |       0 |   0.0
            +---------+---------+-------+---------+---------+-------
